 Dungeon Crawl Stone Soup version 0.29-a0-520-gc852659d43 (webtiles) character file.

Game seed: 13661031836489372807

117 Hubjo the Firebug (level 4, -4/26 HPs)
             Began as a Deep Elf Fire Elementalist on May 31, 2022.
             Was a Follower of Makhleb.
             Slain by an iguana (8 damage)
             ... on level 6 of the Dungeon.
             The game lasted 00:03:59 (3597 turns).

Hubjo the Firebug (Deep Elf Fire Elementalist)      Turns: 3597, Time: 00:04:00

Health: -4/26      AC:  2    Str:  5    XL:     4   Next: 71%
Magic:  0/12       EV: 12    Int: 22    God:    Makhleb [*.....]
Gold:   123        SH:  0    Dex: 15    Spells: 10/11 levels left

rFire   . . .      SeeInvis .   p - +1 short sword (protect)
rCold   . . .      Faith    .   (no shield)
rNeg    . . .      Spirit   .   a - +0 robe
rPois   .          Reflect  .   (no helmet)
rElec   .          Harm     .   (no cloak)
rCorr   .          Rampage  .   (no gloves)
Will    .....                   (no boots)
Stlth   ++........              c - amulet of regeneration
HPRegen 0.88/turn               (no ring)
MPRegen 0.13/turn               (no ring)

@: no status effects
A: no striking features
a: Renounce Religion


You were on level 6 of the Dungeon.
You worshipped Makhleb.
Makhleb was aware of your devotion.
You visited 1 branch of the dungeon, and saw 4 of its levels.

You collected 123 gold pieces.

Inventory:

Hand Weapons
 p - a +1 short sword of protection (weapon)
Armour
 a - a +0 robe (worn)
Jewellery
 c - an amulet of regeneration (around neck)
 d - an amulet of guardian spirit
 j - an amulet of faith
Wands
 i - a wand of polymorph (9)
Scrolls
 f - a scroll of identify
 g - a scroll of blinking
 o - a scroll of magic mapping
Potions
 b - 2 potions of magic
 e - a potion of resistance {unknown}
 h - 4 potions of curing
 k - 2 potions of degeneration {unknown}
 l - a potion of heal wounds {unknown}
 m - 2 potions of brilliance {unknown}
 n - a potion of haste {unknown}


   Skills:
 + Level 2.1 Fighting
 - Level 2.4 Dodging
 + Level 3.5 Stealth
 + Level 4.0 Spellcasting
 - Level 1.1 Conjurations
 * Level 4.0 Fire Magic


You had 10 spell levels left.
You knew the following spells:

 Your Spells              Type           Power      Damage    Failure   Level
a - Foxfire               Conj/Fire      60%        2x1d7     3%          1

Your spell library contained the following spells:

 Spells                   Type           Power      Damage    Failure   Level
 Scorch                   Fire           44%        2d7       3%          2
 Conjure Flame            Conj/Fire      15%        6-21      12%         3
 Static Discharge         Conj/Air       6%         N/A       14%         2
 Inner Flame              Hex/Fire       13%        N/A       14%         3
 Ozocubu's Armour         Ice            4%         N/A       32%         3
 Flame Wave               Conj/Fire      15%        2d6       36%         4
 Lightning Bolt           Conj/Air       3%         1d14      94%         5
 Ozocubu's Refrigeration  Ice            2%         4d5       100%        7
 Maxwell's Capacitive Co  Air            2%         ∞         100%        8


Dungeon Overview and Level Annotations

Branches:
Dungeon (3/15)

Altars:
Makhleb


Message History

The kobold brigand is heavily wounded.
You conjure some foxfire!
A kobold comes into view.
It is wielding a +0 short sword and quivering poisoned darts.
You conjure some foxfire!
The foxfire hits the kobold brigand.
The kobold brigand is severely wounded.
The kobold brigand throws a poisoned dart.
The poisoned dart misses you.
You are too depleted to draw on your mana recklessly!
You are too depleted to draw on your mana recklessly!
You are too depleted to draw on your mana recklessly!
It was a potion of curing.
You feel better.
The foxfire hits the kobold brigand but does no damage.
The kobold brigand is severely wounded.
The foxfire hits the kobold brigand but does no damage.
The kobold brigand is severely wounded.
The foxfire hits the iguana but does no damage.
Okay, then.
Aiming: Polymorph
Press: ? - help, Shift-Dir - straight line, f - kobold brigand
Aim: a kobold brigand, wielding a +0 short sword and quivering poisoned darts (severely wounded, will become a tengu, a killer bee, or a sky beast, chance to affect: 49%)
The kobold brigand evaporates and reforms as a tengu!
The kobold throws a stone.
The stone hits you but does no damage.
There are monsters nearby!
There are monsters nearby!
There are monsters nearby!
Casting: Foxfire (safe; 3% risk of failure)
Confirm with . or Enter, or press ? or * to list all spells.
You conjure some foxfire!
The tengu picks up a +0 short sword.
The tengu wields a +0 short sword.
The tengu picks up 7 poisoned darts.
The foxfire hits the kobold.
The kobold is heavily wounded.
The foxfire hits the iguana but does no damage.
The iguana bites you!
Ouch! That really hurt!
Your magical contamination has completely faded away.
The iguana attacks as you move away! The iguana bites you!
* * * LOW HITPOINT WARNING * * *
The kobold attacks as you move away! The kobold hits you but does no damage.
The iguana bites you!
You die...

### #.## ##..#
####...####
).#......##.#
#.....K.#...###
##....Ql......##
).....##@......#
...... #......##
..... ##..####
..... #...# ?...
...## .... ....#
..... ....


You could see a tengu, an iguana and a kobold.

Vanquished Creatures
  A jelly (D:6)
  An adder (D:2)
  A worm (D:2)
  A dart slug (D:2)
  An orc (D:2)
  8 ball pythons
  9 endoplasms
  3 giant cockroaches
  9 goblins
  7 hobgoblins
  3 quokkas
  3 bats (D:2)
  7 frilled lizards
  8 kobolds
  2 rats (D:1)
64 creatures vanquished.

Vanquished Creatures (others)
  337 foxfires
337 creatures vanquished.

Grand Total: 401 creatures vanquished

Notes
Turn   | Place    | Note
-------+----------+-------------------------------------------
     0 | D:1      | Hubjo the Deep Elf Fire Elementalist began the quest for
                  | the Orb.
     0 | D:1      | Reached XP level 1. HP: 10/10 MP: 6/6
   453 | D:1      | Reached XP level 2. HP: 16/16 MP: 4/8
   833 | D:1      | Reached skill level 1 in Fighting
  1078 | D:1      | Found a faded altar of an unknown god.
  1220 | D:1      | Prayed at the altar of an unknown god.
  1220 | D:1      | Became a worshipper of Makhleb the Destroyer
  1220 | D:1      | Reached * piety under Makhleb
  1388 | D:1      | Reached XP level 3. HP: 16/20 MP: 6/9
  2681 | D:2      | Reached XP level 4. HP: 26/26 MP: 6/11
  3574 | D:3      | You fall into a shaft and drop 3 floors!
  3586 | D:6      | Noticed a kobold brigand
  3593 | D:6      | Noticed a tengu
  3593 | D:6      | a kobold brigand changed into a tengu
  3597 | D:6      | Slain by an iguana

Illustrated notes

Levels and vault maps discovered:
D:1:      minmay_arrival_wavy_path, layout_basic,
          hellmonk_ecumenical_altar_pennies_from_heaven, minmay_three_crescents
D:2:      minmay_general_purpose_star, layout_rooms, minmay_surrounded
D:3:      layout_basic, uniq_grinder, uniq_crazy_yiuf_cottage
D:6:      layout_cave_pools, grunt_gozag_breadcrumbs,
          gammafunk_temple_overflow_elements, minmay_temple_entry_trees

Skill      XL: |  1  2  3  4 |
---------------+-------------+-----
Fighting       | 1 2 |  2.1
Stealth        | 3 |  3.5
Fire Magic     | 4 |  4.0
Spellcasting   | 4 |  4.0
Dodging        | |  2.4
Conjurations   | |  1.1

Action                   |  1- 3 |  4- 6 || total
-------------------------+-------+-------++-------
Melee: Unarmed           |    21 |       ||    21
 Cast: Foxfire           |   167 |    50 ||   217
Evoke: Wand              |       |     1 ||     1
  Use: Scroll            |       |     4 ||     4
       Potion            |       |     1 ||     1
Armor: Robe              |     9 |     2 ||    11
Dodge: Dodged            |    23 |     4 ||    27

Table legend: (Time is in decaauts)
 A = Elapsed time spent in this place.
 B = Non-inter-level travel time spent in this place.
 C = Inter-level travel time spent in this place.
 D = Time resting spent in this place.
 E = Time spent auto-exploring this place.
 F = Levels seen in this place.
 G = Mean time per level.
                   A        B        C        D        E       F      G
               +--------+--------+--------+--------+--------+-----+--------+
         Total |   3600 |   3483 |    117 |    161 |   2865 |   4 |  900.0 |
       Dungeon |   3600 |   3483 |    117 |    161 |   2865 |   4 |  900.0 |
               +--------+--------+--------+--------+--------+-----+--------+

Top non-repeatable levels by time:
     D:1: 1939 daAuts
     D:2: 1432 daAuts
     D:3: 205 daAuts
     D:6: 22 daAuts
